 Dungeon Crawl Stone Soup version 0.22-b1-26-g9dbaab1 (webtiles) character file.

1173 Lew the Skirmisher (level 8, -4/49 HPs)
             Began as a Demonspawn Monk on Aug 7, 2018.
             Was a Believer of Fedhas.
             Slain by a large abomination (8 damage)
             ... on level 5 of the Dungeon.
             The game lasted 00:48:49 (6001 turns).

Lew the Skirmisher (Demonspawn Monk)                Turns: 6001, Time: 00:48:49

Health: -4/49      AC: 11    Str: 14      XL:     8   Next: 18%
Magic:  6/6        EV:  8    Int: 13      God:    Fedhas [**....]
Gold:   68         SH: 10    Dex: 14 (16) Spells: 7/7 levels left

rFire    + . .     SeeInvis .   t - +0 war axe (chop)
rCold    . . .     Gourm    .   D - +0 large shield
rNeg     . . .     Faith    .   v - +4 ring mail "Ymufiets" {*Slow rPois MR+ Int+2}
rPois    +         Spirit   .   k - +0 helmet
rElec    .         Reflect  .   (no cloak)
rCorr    +         Harm     .   (no gloves)
MR       +....                  q - +0 pair of boots
Stlth    ++........             (no amulet)
HPRegen  0.00/turn              A - ring of protection from fire
MPRegen  0.10/turn              h - ring of resist corrosion

@: about to teleport
A: talons 1, demonic guardian 1, [frail 2], [low mp 2], [inhibited regeneration]
a: Fungal Bloom, Sunlight, Evolution, Renounce Religion


You were on level 5 of the Dungeon.
You worshipped Fedhas.
Fedhas was pleased with you.
You were hungry.

You visited 2 branches of the dungeon, and saw 6 of its levels.
You visited the Abyss 1 time.

You collected 260 gold pieces.
You spent 192 gold pieces at shops.

Inventory:

Hand Weapons
 t - a +0 war axe of chopping (weapon)
Missiles
 e - 10 tomahawks (quivered)
Armour
 k - a +0 helmet (worn)
 q - a +0 pair of boots (worn)
 v - the +4 ring mail "Ymufiets" (worn) {*Slow rPois MR+ Int+2}
   (You found it on level 4 of the Dungeon)

   It affects your intelligence (+2).
   It protects you from poison.
   It affects your resistance to hostile enchantments.
   It may slow you when you take damage.
 D - a +0 large shield (worn)
Jewellery
 a - an uncursed ring of see invisible {unknown}
 f - a +3 ring of protection
 g - an uncursed ring of protection from magic
 h - a ring of resist corrosion (right hand)
 l - an uncursed ring of protection from magic
 y - an uncursed ring of flight
 A - a ring of protection from fire (left hand)
Wands
 u - a wand of disintegration (6)
 B - a wand of digging (18)
Scrolls
 i - 3 scrolls of teleportation
 j - a scroll of amnesia
 o - a scroll of remove curse
Potions
 b - a potion of might
 c - 2 potions of cancellation
 s - a potion of flight
 x - a potion of curing
Comestibles
 z - 2 rations


   Skills:
 * Level 5.3 Fighting
 * Level 3.3 Axes
 + Level 2.7 Armour
 * Level 4.9 Dodging
 * Level 4.9 Stealth
 + Level 3.3 Unarmed Combat


You had 7 spell levels left.
You didn't know any spells.
Your spell library contained the following spells:

 Spells                   Type           Power        Failure   Level  Hunger
 Spider Form              Tmut/Pois      #.........   100%        3    ####...
 Blade Hands              Tmut           #.........   100%        5    ######.
 Ice Form                 Ice/Tmut       #.......     100%        4    #####..
 Sticks to Snakes         Tmut           #.......     100%        2    ###....
 Beastly Appendage        Tmut           #.....       100%        1    ##.....


Dungeon Overview and Level Annotations

Branches:
Dungeon (5/15)             Temple (1/1) D:4

Altars:
Ashenzari
Cheibriados
Dithmenos
Elyvilon
Fedhas
Gozag
Hepliaklqana
Kikubaaqudgha
Makhleb
Nemelex Xobeh
Okawaru
Qazlal
Ru
Sif Muna
Trog
Uskayaw
Wu Jian
Xom
Yredelemnul
Zin
The Shining One

Shops:
D:4 =


Innate Abilities, Weirdness & Mutations

You have sharp toenails.
A weak demonic guardian rushes to your aid.
[You are very frail. (-20% HP)]
[Your magical capacity is very low. (-20% MP)]
[You do not regenerate when monsters are visible.]


Message History

Your shadow imp hits the large abomination but does no damage.
The large abomination hits your shadow imp!!
Your shadow imp dies!
Your shadow imp barely misses the large abomination.
There is a gateway leading out of the Abyss here.
The large abomination closely misses your quasit.
Your quasit disappears in a puff of smoke!
Your shadow imp hits the large abomination.
The large abomination hits you!!
Ouch! That really hurt!
You pass through the gate.
Welcome back to the Dungeon!
You block the gnoll's attack.
The gnoll hits you from afar with a halberd!
* * * LOW HITPOINT WARNING * * *
You block the gnoll's attack.
As you read the scroll of teleportation, it crumbles to dust.
You feel strangely unstable. You block the gnoll's attack.
The large abomination hits you!
You die...
Fedhas appreciates your contribution to the ecosystem.

#.. #........# ....
#..##........##. ....
...'...........# ....
##.g#........#### .... #
...#........... ....
#.#####.#.###.####### ....
##.......g............ ...
#........#X###.###########
#.######.#@#.............#
##.#g##..#########.#
#....##..# #.#. #.#.###..#
#.#. #<#.###..#########.#.
###..##.....##....<#.
##.###.##.##.##)##.
#.###.##.##.##.5..
#..##.......####..


You could see a large abomination and 2 gnolls.

Vanquished Creatures
  Sigmund (D:4)
  Eustachio (Temple)
  Edmund (D:5)
  A sky beast (D:5)
  A scorpion (D:4)
  A howler monkey (Temple)
  A quasit (D:5)
  An iron imp (Abyss:1)
  Ijyb (D:5)
  Natasha (thrice) (D:3)
  A hound zombie (D:5)
  Robin (D:2)
  2 gnolls (D:3)
  3 adders
  2 oozes (D:3)
  An adder zombie (D:4)
  A worm (D:3)
  3 dart slugs
  4 leopard geckos
  13 orcs
  3 giant cockroaches
  14 goblins
  8 hobgoblins
  6 jackals
  A ball python (D:3)
  6 bats
  9 frilled lizards
  4 kobolds
  3 rats
97 creatures vanquished.

Vanquished Creatures (collateral kills)
  Menkaure (D:4)
  A water moccasin (D:3)
  Duvessa (D:4)
  Dowan (D:4)
  A crimson imp (D:5)
  An orc wizard (D:5)
  A hound skeleton (D:4)
  3 gnolls
  An adder (D:5)
  A worm (D:3)
  A giant cockroach (D:3)
  A goblin (D:2)
  2 bats (D:3)
16 creatures vanquished.

Grand Total: 113 creatures vanquished

Notes
Turn   | Place    | Note
-------+----------+-------------------------------------------
     0 | D:1      | Lew the Demonspawn Monk began the quest for the Orb.
     0 | D:1      | Reached XP level 1. HP: 18/18 MP: 1/1
   240 | D:1      | Gained mutation: A weak demonic guardian rushes to your aid. [demonic ancestry]
   240 | D:1      | Reached XP level 2. HP: 20/24 MP: 2/2
   591 | D:2      | Reached XP level 3. HP: 25/29 MP: 3/3
   964 | D:2      | Reached skill level 1 in Armour
  1172 | D:2      | Noticed Robin
  1187 | D:2      | Gained mutation: You have sharp toenails. [demonic ancestry]
  1187 | D:2      | Reached XP level 4. HP: 33/35 MP: 4/4
  1199 | D:2      | Killed Robin
  1759 | D:3      | Reached XP level 5. HP: 21/42 MP: 5/5
  2047 | D:3      | Noticed a water moccasin
  2058 | D:3      | Killed a water moccasin
  2058 | D:3      | Reached skill level 1 in Unarmed Combat
  2486 | D:3      | Noticed Natasha
  2500 | D:3      | Killed Natasha
  2500 | D:3      | Reached skill level 4 in Fighting
  2526 | D:3      | Noticed Natasha
  2536 | D:3      | Killed Natasha
  2536 | D:3      | Reached XP level 6. HP: 30/48 MP: 6/6
  2620 | D:3      | Noticed Natasha
  2641 | D:3      | Killed Natasha
  2821 | D:4      | Got a faintly glowing ring mail
  2832 | D:4      | Identified the +4 ring mail "Ymufiets" {*Slow rPois MR+ Int+2} (You found it on level 4 of the Dungeon)
  2942 | D:4      | Noticed Eustachio
  3004 | D:4      | Noticed Duvessa
  3004 | D:4      | Noticed Dowan
  3011 | D:4      | Found a staircase to the Ecumenical Temple.
  3020 | Temple   | Entered the Ecumenical Temple
  3038 | Temple   | HP: 2/48 [poisoned by Duvessa]
  3046 | Temple   | HP: 2/48 [poisoned by Duvessa]
  3704 | Temple   | Became a worshipper of Fedhas Madash
  3704 | Temple   | Reached * piety under Fedhas
  3704 | Temple   | Reached ** piety under Fedhas
  3802 | Temple   | Killed Eustachio
  3802 | Temple   | Reached XP level 7. HP: 46/55 MP: 7/7
  4239 | D:4      | Killed Duvessa
  4242 | D:4      | Killed Dowan
  4599 | D:4      | Noticed Menkaure
  4638 | D:4      | Killed Menkaure
  4833 | D:4      | Found Fazuv's Jewellery Shop.
  4846 | D:4      | Bought an uncursed ring of flight for 192 gold pieces
  4904 | D:4      | Noticed Sigmund
  4940 | D:4      | Killed Sigmund
  5163 | D:5      | Entered Level 5 of the Dungeon
  5173 | D:5      | Noticed Ijyb
  5195 | D:5      | Reached skill level 5 in Fighting
  5244 | D:5      | Killed Ijyb
  5304 | D:5      | Noticed Edmund
  5520 | D:5      | Killed Edmund
  5520 | D:5      | Reached XP level 8. HP: 56/62 MP: 8/8
  5741 | D:5      | Cast into level 1 of the Abyss (gnoll)
  5789 | Abyss:1  | Found a corrupted altar of Lugonu.
  5948 | Abyss:1  | Noticed a wretched star
  6000 | D:5      | Escaped the Abyss
  6001 | D:5      | Slain by a large abomination

Skill      XL: |  1  2  3  4  5  6  7 |
---------------+----------------------+-----
Stealth        | 2 3 4 |  4.9
Axes           | 3 |  3.3
Dodging        | 3 4 |  4.9
Armour         | 1 2 |  2.7
Unarmed Combat | 1 2 3 |  3.3
Fighting       | 4 5 |  5.3

Action                   |  1- 3 |  4- 6 |  7- 9 || total
-------------------------+-------+-------+-------++-------
Melee: Hand axe          |   152 |   183 |    22 ||   357
       Kick              |       |    29 |       ||    29
       War axe           |       |       |    80 ||    80
       Punch             |       |       |     1 ||     1
Invok: Sunlight          |       |       |     1 ||     1
Evoke: Wand              |       |     1 |     3 ||     4
  Use: Potion            |     4 |       |     2 ||     6
       Scroll            |     3 |     2 |     3 ||     8
 Stab: Sleeping          |     3 |     3 |     2 ||     8
       Distracted        |       |     2 |     2 ||     4
  Eat: Ration            |     1 |     1 |       ||     2
       Chunk             |       |     3 |     6 ||     9
Armor: Robe              |    51 |     3 |       ||    54
       Animal skin       |       |    29 |       ||    29
       Ring mail         |       |    47 |    83 ||   130
Dodge: Dodged            |   102 |   144 |   131 ||   377
Block: Buckler           |    17 |    38 |    10 ||    65
       Large shield      |       |       |     9 ||     9
